Unix NetHack Version 5.0.0-0 post-release - last build May 31 2026 23:59:36 (970b52f25bf058293b47ddfd14a1e40e571c508c,branch:main).

Game began 2026-05-30 03:13:16, ended 2026-06-08 18:09:44.

ARFwashere, neutral male human Tourist

          ----------
          |........|
         #-........|
         #--.-----.-
         ##        #
          #         #
          #          #
          ##          #
           #           #
           #           *
           #        * *
           #        ###*#  ----+-.---------
           #            ## ...............|
  ---------#           ##  |..............|
  |........#            #  |..............|
  |(......|       #     ###...........<...|
  |.......@########        ----------------
  |.......|
  ---------

ARFwashere the Sightseer    St:10 Dx:11 Co:15 In:14 Wi:9 Ch:16  Neutral
Dlvl:5  $:319 HP:0(24) Pw:9(9) AC:10 Xp:3 T:1787  Hungry   Blind

Latest messages:
 You hear water falling on coins.
 You feel an unseen monster!
 Wait!  There's something there you can't see!
 Wait!  There's something there you can't see!
 You feel an unseen monster!
 You attack thin air.
 Wait!  There's something there you can't see!
 Wait!  There's something there you can't see!
 It yelps!
 You hit it.
 Wait!  There's something there you can't see!
 You feel an unseen monster!
 Wait!  There's something there you can't see!
 It hits!
 It hits again!
 In what direction? y
 The dart hits it.
 It hits!
 It hits again!
 You are beginning to feel hungry.
 In what direction? y
 The dart hits it.
 It hits!
 It hits again!
 In what direction? y
 The dart misses.
 It hits!
 It hits again!
 In what direction? y
 The dart hits it.
 It hits!
 It hits again!
 In what direction? y
 The dart hits it.
 It hits!
 It hits again!
 In what direction? y
 The dart hits it.
 It hits!
 It hits again!
 In what direction? y
 The dart hits it.
 It hits!
 It hits again!
 You die...
 Do you want your possessions identified? [ynq] (y) y
 Do you want to see your attributes? [ynq] (y) y
 Do you want an account of creatures vanquished? [ynaq] (y) y
 Do you want to see your conduct and achievements? [ynq] (y) y
 Do you want to see the dungeon overview? [ynq] (y) y

Inventory:
 Coins    ('$')
  $ - 319 gold pieces
 Weapons  (')')
  a - 15 +2 darts (at the ready)
 Armor    ('[')
  j - an uncursed +0 Hawaiian shirt with an orchid motif (being worn)
 Comestibles  ('%')
  e - an uncursed cram ration
  c - 9 uncursed food rations
  g - 2 uncursed tripe rations
 Scrolls  ('?')
  b - an uncursed scroll of enchant armor
  q - an uncursed scroll of enchant weapon
  r - a cursed scroll of fire
  n - an uncursed scroll of light
  i - 4 uncursed scrolls of magic mapping
  m - 2 uncursed scrolls of scare monster
  t - 2 uncursed scrolls of teleportation
 Spellbooks  ('+')
  v - an uncursed spellbook of haste self
 Potions  ('!')
  h - 2 uncursed potions of extra healing
  p - an uncursed potion of gain ability
  o - 3 uncursed potions of healing
  s - an uncursed potion of restore ability
 Wands    ('/')
  d - a wand of digging (0:8)
  u - a wand of polymorph (0:8)
 Tools    ('(')
  l - an uncursed credit card
  k - an expensive camera (0:30)
 Gems/Stones  ('*')
  f - an uncursed garnet stone

ARFwashere the Tourist's attributes:

Background:
 You were a Sightseer, a level 3 male human Tourist.
 You were neutral, nominally on a mission for The Lady
 who was opposed by Blind Io (lawful) and Offler (chaotic).
 You were right-handed.
 You were in the Dungeons of Doom, on level 5.
 You entered the dungeon 1787 turns ago.
 You had 78 experience points, 2 more were needed to attain level 4.

Basics:
 You had 0 out of 24 hit points.
 You had all 9 energy points (spell power).
 Your armor class was 10.
 Your wallet contained 319 zorkmids.
 Autopickup was on for '$' plus thrown.

Final Characteristics:
 Your strength was 10 (limit:18/100).
 Your dexterity was 11 (limit:18).
 Your constitution was 15 (limit:18).
 Your intelligence was 14 (limit:18).
 Your wisdom was 9 (limit:18).
 Your charisma was 16 (limit:18).

Final Status:
 You were temporarily blind.
 You were hungry.
 You were unencumbered.
 You were bare handed.
 You were unskilled in bare handed combat.

Final Attributes:
 You were fervently aligned.
 You are dead.

Miscellaneous:
 You didn't encounter any bones levels.
 Total elapsed playing time was 20 minutes and 13 seconds.

Major events:
 Turn
    1: ARFwashere the neutral male human Tourist entered the dungeon
 1317: attained the rank of Sightseer (level 3)
 1787: killed by a straw golem

You didn't know any spells.

Skills:
 Fighting Skills
   bare handed combat [Unskilled]
   two weapon combat  [Unskilled]
   riding             [Unskilled]
 Weapon Skills
   dagger             [Unskilled]
   knife              [Unskilled]
   axe                [Unskilled]
   pick-axe           [Unskilled]
   short sword        [Unskilled]
   broadsword         [Unskilled]
   long sword         [Unskilled]
   two-handed sword   [Unskilled]
   saber              [Unskilled]
   mace               [Unskilled]
   morning star       [Unskilled]
   flail              [Unskilled]
   hammer             [Unskilled]
   quarterstaff       [Unskilled]
   polearms           [Unskilled]
   spear              [Unskilled]
   trident            [Unskilled]
   lance              [Unskilled]
   bow                [Unskilled]
   sling              [Unskilled]
   crossbow           [Unskilled]
   dart               [Basic]
   shuriken           [Unskilled]
   boomerang          [Unskilled]
   whip               [Unskilled]
   unicorn horn       [Unskilled]
 Spellcasting Skills
   divination spells  [Unskilled]
   enchantment spells [Unskilled]
   escape spells      [Unskilled]

Voluntary challenges:
 Character rerolling was not enabled.
 You were an atheist.
 You never hit with a wielded weapon.
 You never genocided any monsters.
 You never polymorphed an object.
 You never changed form.
 You used no wishes.
Achievement:
 You attained the rank of Sightseer.

 The Dungeons of Doom: levels 1 to 5
    Level 1:
       A sink.
    Level 2:
       Some fountains.
    Level 3:
    Level 4:
    Level 5: <- You were here.
       Final resting place for
          you, killed by a straw golem.


Vanquished creatures:
  a rock mole
  a floating eye
 an iguana
  a gas spore
  a yellow mold
  a gnome zombie
  4 geckos
  3 jackals
  a fox
  2 goblins
  2 sewer rats
  2 grid bugs
  a lichen
  6 newts
27 creatures vanquished.

No species were genocided or became extinct.

Game over:
                       ----------
                      /          \
                     /    REST    \
                    /      IN      \
                   /     PEACE      \
                  /                  \
                  |    ARFwashere    |
                  |      319 Au      |
                  |   killed by a    |
                  |   straw golem    |
                  |                  |
                  |                  |
                  |       2026       |
                 *|     *  *  *      | *
        _________)/\\_//(\/(/\)/\//\/|_)_______

Aloha ARFwashere the Tourist...

You died in The Dungeons of Doom on dungeon level 5 with 590 points,
and 319 pieces of gold, after 1787 moves.
You were level 3 with a maximum of 24 hit points when you died.

